 Dungeon Crawl Stone Soup version 0.31-a0-455-g1a7b003ef0 (webtiles) character file.

Game seed: 12735554584104445377

14 Xavori the Trooper (level 2, 20/20 (25) HPs)
             Began as a Djinni Chaos Knight on Aug 4, 2023.
             Was a Plaything of Xom.
             Quit the game on level 1 of the Dungeon.
             The game lasted 00:01:03 (10352 turns).

Xavori the Trooper (Djinni Chaos Knight)           Turns: 10352, Time: 00:01:04

HP:   20/20 (25)    AC:  6    Str: 11    XL:     2   Next: 55%
Gold: 68            EV: 11    Int: 13    God:    Xom [..*...] SH:  0 Dex: 12

rFire   + + .        a - +0 falchion (chaos)
rCold   x . .        (no shield)
rNeg    . . .        b - +2 leather armour
rPois   ∞            (no helmet)
rElec   .            (no cloak)
rCorr   .            d - +0 pair of gloves
SInv    .            (boots unavailable)
Will    .....        (no amulet)
Stlth   +            (no ring)
HPRegen 0.23/turn    (no ring)
MPRegen 0.00/turn

%: no passive effects
@: flying, heavily drained
A: sickness immunity, fire resistance 2, cold vulnerability 1, float, innate
caster, HP casting, extra vitality 1
a: Renounce Religion


You were on level 1 of the Dungeon.
You worshipped Xom.
You were a toy of Xom.
You visited 1 branch of the dungeon, and saw 2 of its levels.

You collected 68 gold pieces.

Inventory:

Hand Weapons
 a - a +0 falchion of chaos (weapon)
Armour
 b - a +2 leather armour (worn)
 d - a +0 pair of gloves (worn)
Scrolls
 c - a scroll of butterflies
 e - a scroll of identify {unknown}
 g - a scroll of immolation {unknown}
 h - a scroll of acquirement {unknown}
Potions
 f - a potion of mutation {unknown}


   Skills:
 + Level 3.2 Fighting
 + Level 2.9 Long Blades
 + Level 1.3 Armour
 + Level 2.3 Dodging
 + Level 0.1 Stealth You didn't know any spells. Your spell library was empty.

Dungeon Overview and Level Annotations

Branches:
Dungeon (2/15)

Altars:
Xom


Innate Abilities, Weirdness & Mutations

You are immune to sickness and miasma.
You are immune to poison.
Your flesh is very heat resistant. (rF++)
You are vulnerable to cold. (rC-)
You float through the air rather than walking.
You learn spells naturally, not from books.
Your magical power is your life essence.
You have superior vitality. (+4 MHP)


Message History

Something appears before you!
You see here a +1 scale mail of cold resistance.
You are now a toy of Xom.
Your butterfly disappears in a puff of smoke!
You swap places.
Things that are here:
a +1 scale mail of cold resistance; 5 stones; 3 datura-tipped darts You start waiting.
Your butterfly disappears in a puff of smoke!
Done waiting.
You start waiting.
Done waiting.
You start waiting.
Done waiting.
You start waiting.
Xom grants you insight.
You detect nothing.
You start waiting.
Done waiting.
You start waiting.
Done waiting.
You start waiting.
Done waiting.
You start waiting.
Done waiting.
You start waiting.
Done waiting.
You start waiting.
Done waiting.
You start waiting.
Done waiting.
You start waiting.
Done waiting.
You start waiting.
Done waiting.
You start waiting.
Done waiting.
You start waiting.
Done waiting.
Are you sure you want to abandon this character and quit the game? (Confirm with "yes".)

...# ######
...####....#
.#.........###
######.......#
..####.....#.###
#.......##.....#
#_......###...###
######
..#......####...####
#....## .##.....##
###.@..####.<..##
.##.....#
###...........#
>......###
###..##.#####...##
..##.....####..##..##
###..#
..##.##.#....#######
###.# ...#.##....###
####...# .#...####..#
###.....##
.......##.##
###......##
###..#...##
###........#


There were no monsters in sight!

Vanquished Creatures
  A bat (D:1)
  2 endoplasms (D:1)
  3 jackals (D:1)
  3 ball pythons (D:1)
  A frilled lizard (D:1)
  2 kobolds (D:1)
  A rat (D:1)
13 creatures vanquished.

Notes
Turn   | Place    | Note
-------+----------+-------------------------------------------
     0 | D:1      | Xavori the Djinni Chaos Knight began the quest for the Orb.
     0 | D:1      | Reached XP level 1. HP: 20/20 MP: 0/0
     3 | D:1      | XOM: silly message
   291 | D:1      | XOM: divination: magic mapping
  1148 | D:1      | XOM: divination: magic mapping
  1366 | D:1      | XOM: 1-stop teleportation journey
  2171 | D:1      | XOM is BORED!
  2171 | D:1      | XOM: 1-stop teleportation journey
  2255 | D:1      | XOM: summons 1 hostile demon
  2256 | D:1      | Noticed an iron imp
  2767 | D:1      | Found a faded altar of an unknown god.
  2781 | D:1      | Reached XP level 2. HP: 17/25 MP: 0/0
  4103 | D:1      | XOM: divination: detect creatures
  4802 | D:1      | XOM: scenery: create altars
  5373 | D:1      | XOM is BORED!
  5373 | D:1      | XOM: draining
  6121 | D:1      | XOM: god gift: arbalest {god gift}
  6698 | D:1      | XOM: 1-stop teleportation journey
  7458 | D:1      | XOM: god gift: 3 datura-tipped darts
  7800 | D:1      | XOM: scenery: summon butterflies
  8305 | D:1      | XOM: god gift: scroll labelled ASIR EKKAYTU {god gift}
  8309 | D:1      | XOM: scenery: summon butterflies
  8799 | D:1      | XOM: god gift: 5 stones
  8827 | D:1      | XOM: divination: magic mapping
  8853 | D:1      | XOM: scenery: summon butterflies
  8886 | D:1      | XOM: god gift: runed scale mail {god gift}
  9251 | D:1      | XOM: divination: detect items
 10352 | D:1      | Quit the game

Illustrated notes

Levels and vault maps discovered:
D:1:      dpeg_arrival_arbitrary_a, layout_rooms,
          nicolae_ecumenical_snake_handling
D:2:      layout_loops_ring

Action                     || total
---------------------------++-------
  Melee: Falchion          ||    41
    Use: Scroll            ||     1
 Armour: Leather armour    ||    28
  Dodge: Dodged            ||    46

Table legend: (Time is in decaauts)
 A = Elapsed time spent in this place.
 B = Non-inter-level travel time spent in this place.
 C = Inter-level travel time spent in this place.
 D = Time resting spent in this place.
 E = Time spent auto-exploring this place.
 F = Levels seen in this place.
 G = Mean time per level.
                   A        B        C        D        E       F      G
               +--------+--------+--------+--------+--------+-----+--------+
         Total |  10358 |  10313 |     45 |   9747 |    414 |   2 | 5179.0 |
       Dungeon |  10358 |  10313 |     45 |   9747 |    414 |   2 | 5179.0 |
               +--------+--------+--------+--------+--------+-----+--------+

Top non-repeatable levels by time:
     D:1: 10356 daAuts
     D:2: 1 daAuts
